 Dungeon Crawl Stone Soup version 0.24-a0-201-gf205589 (console) character file.

Game seed: 10479632007560663342

408 bli the Slasher (level 7, -3/54 HPs)
             Began as a Formicid Abyssal Knight on Mar 19, 2019.
             Was a Priest of Lugonu.
             Slain by an ogre
             ... wielding a +0 giant spiked club
              (10 damage)
             ... on level 4 of the Dungeon.
             The game lasted 00:11:50 (3128 turns).

bli the Slasher (Formicid Abyssal Knight)           Turns: 3128, Time: 00:11:51

Health: -3/54      AC: 13    Str: 18    XL:     7   Next: 13%
Magic:  8/8        EV:  9    Int: 12    God:    Lugonu [***...]
Gold:   143        SH:  9    Dex: 10    Spells: 6/6 levels left

rFire    . . .     SeeInvis +   a - +1 falchion
rCold    . . .     Gourm    .   i - +0 shield
rNeg     . . .     Faith    .   z - quicksilver dragon scales
rPois    .         Spirit   .   (helmet unavailable)
rElec    .         Reflect  .   d - +0 cloak
rCorr    .         Harm     .   C - +0 pair of gloves
MR       +....                  k - +0 pair of boots
Stlth    ..........             (no amulet)
HPRegen  0.18/turn              (no ring)
MPRegen  0.11/turn              (no ring)

@: no status effects
A: permanent stasis, dig shafts and tunnels, four strong arms, antennae 3
a: Dig, Shaft Self, Depart the Abyss, Bend Space, Banish, Renounce Religion


You were on level 4 of the Dungeon.
You worshipped Lugonu.
Lugonu was most pleased with you.
You were not hungry.

You visited 1 branch of the dungeon, and saw 4 of its levels.
You visited the Abyss 1 time.

You collected 143 gold pieces.

Inventory:

Hand Weapons
 a - a +1 falchion (weapon)
Missiles
 f - 130 stones (quivered)
Armour
 b - a +0 leather armour
 d - a +0 cloak (worn)
 g - a +4 plate armour
 i - a +0 shield (worn)
 k - a +0 pair of boots (worn)
 o - a +0 pair of gloves
 z - quicksilver dragon scales (worn)
 C - a +0 pair of gloves (worn)
Magical Staves
 y - an uncursed staff of fire {unknown}
 B - an uncursed staff of power {unknown}
Scrolls
 h - a scroll of amnesia {unknown}
 j - 8 scrolls of identify {unknown}
 l - 2 scrolls of enchant weapon {unknown}
 m - a scroll of teleportation {unknown}
 q - 4 scrolls of remove curse {unknown}
 r - a scroll of magic mapping {unknown}
 s - a scroll of immolation {unknown}
 t - a scroll of enchant armour {unknown}
 u - a scroll of fear {unknown}
 w - a scroll of fog {unknown}
Potions
 e - a potion of heal wounds {unknown}
 n - a potion of might {unknown}
 p - 2 potions of curing {unknown}
 v - a potion of ambrosia {unknown}
 x - a potion of invisibility {unknown}
Comestibles
 c - 7 rations
 A - 8 chunks of flesh


   Skills:
 + Level 4.3 Fighting
 * Level 5.1 Long Blades
 * Level 3.5 Armour
 + Level 1.3 Dodging
 * Level 3.2 Shields
 + Level 2.1 Invocations


You had 6 spell levels left.
You didn't know any spells.
Your spell library was empty.

Dungeon Overview and Level Annotations

Branches:
Dungeon (4/15)
 Temple: D:4-7

Altars:
Elyvilon
Sif Muna


Innate Abilities, Weirdness & Mutations

You cannot be hasted, slowed, berserked, paralysed or teleported.
You can dig through walls and to a lower floor.
Your four strong arms can wield two-handed weapons with a shield.
You have a pair of large antennae on your head. (SInv)


Message History

The ogre closely misses you.
You closely miss the ogre.
The ogre is severely wounded.
You block the ogre's attack.
You hit the ogre but do no damage.
The ogre is severely wounded.
The ogre hits you with a +0 giant spiked club!!
You hit the ogre.
The ogre is severely wounded.
You block the ogre's attack.
You hit the ogre.
The ogre is severely wounded.
You barely miss the ogre.
The ogre is severely wounded.
The ogre hits you with a +0 giant spiked club!!
* * * LOW HITPOINT WARNING * * *
You hit the ogre.
The ogre is almost dead.
The ogre hits you with a +0 giant spiked club!
You die...

....######
....#....##########
......##.##........
............#########
....###..............
....###..#..........#
....##........#######
...÷##...##...#
####...#.##...###
##.÷..##.##.....######.#
...#.###.##...#.@O...(.#
.##..# #.##...########>.
###.####..#...##
..........#....######
##.######...##.#..... #.
#.#.##...# #. #.#.<..).#
#. #.#####........ #.
#.# #..####.# #. #.#
...# #.. ..##


You could see an ogre.

Vanquished Creatures
  An ice beast (D:2)
  2 hounds (D:4)
  An orc priest (D:3)
  An orc wizard (D:4)
  A worker ant (D:4)
  7 adders
  5 worms
  4 dart slugs
  2 leopard geckos
  10 orcs (D:3)
  2 giant cockroaches
  7 goblins
  16 hobgoblins
  A jackal (D:2)
  10 kobolds
  2 quokkas
  A ball python (D:2)
  7 bats
  3 frilled lizards
  8 rats
91 creatures vanquished.

Notes
Turn   | Place    | Note
-------+----------+-------------------------------------------
     0 | Abyss:1  | bli the Formicid Abyssal Knight began the quest for the
                  | Orb.
     0 | Abyss:1  | Reached XP level 1. HP: 18/18 MP: 2/2
    88 | Abyss:1  | Noticed a quasit
   110 | Abyss:2  | Noticed an ancient zyme
   129 | Abyss:2  | Noticed a harpy simulacrum
   131 | Abyss:2  | Noticed a small abomination
   136 | D:1      | Escaped the Abyss
   183 | D:1      | Reached skill level 1 in Dodging
   302 | D:1      | Reached XP level 2. HP: 24/24 MP: 3/3
   369 | D:1      | Reached * piety under Lugonu
   460 | D:1      | Reached XP level 3. HP: 30/30 MP: 4/4
  1009 | D:2      | Noticed an ice beast
  1021 | D:2      | Reached skill level 1 in Shields
  1050 | D:2      | Killed an ice beast
  1050 | D:2      | Reached skill level 3 in Long Blades
  1050 | D:2      | Reached XP level 4. HP: 9/37 MP: 5/5
  1050 | D:2      | Reached XP level 5. HP: 10/42 MP: 6/6
  1160 | D:2      | Found a white marble altar of Elyvilon.
  1304 | D:2      | Reached skill level 4 in Long Blades
  1775 | D:3      | Reached XP level 6. HP: 38/48 MP: 7/7
  1779 | D:3      | Reached ** piety under Lugonu
  2352 | D:3      | Found a faded altar of an unknown god.
  2712 | D:3      | Found a deep blue altar of Sif Muna.
  3047 | D:4      | Reached *** piety under Lugonu
  3047 | D:4      | Reached skill level 5 in Long Blades
  3047 | D:4      | Reached XP level 7. HP: 48/54 MP: 8/8
  3128 | D:4      | Slain by an ogre

Levels and vault maps discovered:
D:1:      lemuel_arrival_muddy, layout_basic
D:2:      layout_basic, elyvilon_altar_5, minmay_hexomino_c4
D:3:      minmay_octagon_keep, layout_loops_ring, lemuel_round_altar,
          first_ration, chequers_ecumenical_altar_grove
D:4:      layout_rooms, minmay_temple_entry_water_ring, minmay_goblin_outpost
Abyss:1
Abyss:2:  hangedman_cross_veins

Skill      XL: |  1  2  3  4  5  6 |
---------------+-------------------+-----
Dodging        | 1 |  1.3
Shields        | 1 2 3 |  3.2
Fighting       | 4 |  4.3
Long Blades    | 3 4 5 |  5.1
Armour         | 3 |  3.5
Invocations    | |  2.1

Action                   |  1- 3 |  4- 6 |  7- 9 || total
-------------------------+-------+-------+-------++-------
Melee: Falchion          |   114 |   267 |    19 ||   400
Throw: Stone             |     1 |       |     3 ||     4
Invok: Depart the Abyss  |     1 |       |       ||     1
 Abil: Dig               |     1 |     2 |       ||     3
  Eat: Chunk             |       |     8 |     1 ||     9
Armor: Plate armour      |    68 |    97 |       ||   165
       Leather armour    |     1 |       |       ||     1
       Quicksilver drago |       |    44 |     2 ||    46
Dodge: Dodged            |    14 |    59 |     3 ||    76
Block: Shield            |    34 |   119 |     8 ||   161
       Rpst.: Falchion   |     3 |    18 |     1 ||    22

Table legend:
 A = Non-vault XP
 B = Vault XP
 C = Vault XP percentage of total XP
 D = Non-vault monster count
 E = Vault monster count
 F = Vault count percentage of total count
                 A         B        C        D         E       F
            +---------+---------+-------+---------+---------+-------
      Total |     405 |     178 |  30.5 |      74 |      17 |  18.7
            +---------+---------+-------+---------+---------+-------
        D:1 |      34 |       0 |   0.0 |      18 |       0 |   0.0
        D:2 |      45 |     151 |  77.0 |      19 |       7 |  26.9
        D:3 |     168 |      27 |  13.8 |      31 |      10 |  24.4
        D:4 |     158 |       0 |   0.0 |       6 |       0 |   0.0
            +---------+---------+-------+---------+---------+-------
